 Dungeon Crawl Stone Soup version 0.27-a0-1177-g245c70e1c0 (webtiles) character file.

Game seed: 490135028812363111

39 Glokmah the Firebug (level 3, -1/33 HPs)
             Began as an Ogre Fire Elementalist on May 16, 2021.
             Slain by a goblin
             ... wielding a +0 club
              (3 damage)
             ... on level 2 of the Dungeon.
             The game lasted 00:02:20 (1816 turns).

Glokmah the Firebug (Ogre Fire Elementalist)        Turns: 1816, Time: 00:02:20

Health: -1/33      AC:  3    Str: 18    XL:     3   Next: 47%
Magic:  7/7        EV:  9    Int: 16    God:
Gold:   61         SH:  0    Dex: 10    Spells: 6/7 levels left

rFire    . . .     SeeInvis .   a - +0 war axe
rCold    . . .     Faith    .   (no shield)
rNeg     . . .     Spirit   .   e - +0 robe
rPois    .         Reflect  .   (helmet restricted)
rElec    .         Harm     .   (no cloak)
rCorr    .         Rampage  .   (gloves unavailable)
Will     .....                  (boots unavailable)
Stlth    ++........             (no amulet)
HPRegen  0.11/turn              h - +6 ring of strength
MPRegen  0.10/turn              (no ring)

@: no status effects
A: large, unfitting armour, tough skin 1
a: no special abilities


You were on level 2 of the Dungeon.
You visited 1 branch of the dungeon, and saw 2 of its levels.

You collected 61 gold pieces.

Inventory:

Hand Weapons
 a - a +0 war axe (weapon)
Missiles
 c - 52 stones
Armour
 e - a +0 robe (worn)
Jewellery
 h - a +6 ring of strength (left hand)
Wands
 i - a wand of iceblast (9)
Scrolls
 b - a scroll of magic mapping {unknown}
 g - a scroll of amnesia {unknown}
Potions
 d - a potion of curing {unknown}
 f - a potion of degeneration {unknown}


   Skills:
 + Level 1.4 Fighting
 * Level 0.3 Axes
 - Level 1.7 Dodging
 - Level 1.4 Stealth
 + Level 2.9 Spellcasting
 + Level 1.5 Conjurations
 * Level 3.2 Fire Magic


You had 6 spell levels left.
You knew the following spells:

 Your Spells              Type           Power      Damage    Failure   Level
a - Foxfire               Conj/Fire      36%        2x1d5     7%          1

Your spell library contained the following spells:

 Spells                   Type           Power      Damage    Failure   Level
 Conjure Flame            Conj/Fire      9%         6-21      22%         3
 Inner Flame              Hex/Fire       7%         N/A       28%         3
 Sticky Flame             Conj/Fire      9%         2d3       56%         4
 Fireball                 Conj/Fire      4%         3d4       89%         5


Dungeon Overview and Level Annotations

Branches:
Dungeon (2/15)

Altars:


Innate Abilities, Weirdness & Mutations

You are too large for most types of armour.
You have tough skin. (AC +1)


Message History

The orc hits you with a +0 dagger. The orc barely misses you.
Unknown command.
You hit the orc.
The orc is heavily wounded.
You hit the orc. The orc hits you but does no damage.
The orc barely misses you. x2
Your magical contamination has completely faded away.
You slash the orc!
You kill the orc!
You hit the orc. The orc completely misses you. The orc closely misses you.
Unknown command.
You barely miss the orc.
The orc is heavily wounded.
The orc hits you with a +0 flail.
You are too injured to fight recklessly!
You are too injured to fight recklessly!
Unknown command.
You are too injured to fight recklessly!
Unknown command.
You barely miss the orc.
The orc is heavily wounded.
The orc closely misses you. The orc hits you with a +0 flail.
You slash the orc!
You kill the orc!
The goblin completely misses you.
You hit the goblin.
The goblin is moderately wounded.
The goblin hits you but does no damage.
You hit the goblin.
You kill the goblin!
The goblin hits you with a +0 club.
* * * LOW HITPOINT WARNING * * *
You closely miss the goblin. The goblin hits you with a +0 club.
* * * LOW HITPOINT WARNING * * *
You hit the goblin.
The goblin is severely wounded.
The goblin hits you with a +0 club.
* * * LOW HITPOINT WARNING * * *
The goblin hits you with a +0 club.
You die...

#........#.#
#.........#
#....<#'##.#
#######.#.#
##....#....#
.. #
#....########
#..
#####........
...
#.........
#...
##.########
...
#..##..#.#
#..#.##@#
#...##)#g#
#..###. g..
##.# .( #..#
#.##.# 8$#
#.### .$. ..#
... ..# .###
...


You could see a hobgoblin and a goblin.

Vanquished Creatures
  3 orcs (D:2)
  2 endoplasms (D:1)
  2 giant cockroaches (D:1)
  5 goblins
  3 hobgoblins
  4 quokkas
  2 ball pythons (D:1)
  2 bats (D:1)
  3 frilled lizards (D:1)
  4 kobolds (D:1)
  3 rats (D:1)
33 creatures vanquished.

Vanquished Creatures (others)
  26 foxfires
26 creatures vanquished.

Grand Total: 59 creatures vanquished

Notes
Turn   | Place    | Note
-------+----------+-------------------------------------------
     0 | D:1      | Glokmah the Ogre Fire Elementalist began the quest for the
                  | Orb.
     0 | D:1      | Reached XP level 1. HP: 16/16 MP: 3/3
   243 | D:1      | Reached skill level 1 in Conjurations
   382 | D:1      | Reached XP level 2. HP: 26/26 MP: 2/5
   613 | D:1      | Reached skill level 1 in Fighting
   613 | D:1      | Reached skill level 3 in Fire Magic
  1297 | D:1      | Reached XP level 3. HP: 22/33 MP: 7/7
  1816 | D:2      | Slain by a goblin

Illustrated notes

Levels and vault maps discovered:
D:1:      dpeg_arrival_rooms_b, layout_basic
D:2:      layout_basic, hellmonk_ecumenical_altar_prayer_group,
          guppyfry_early_orc_mine, uniq_crazy_yiuf_cottage

Skill      XL: |  1  2 |
---------------+-------+-----
Conjurations   | 1 |  1.5
Fighting       | 1 |  1.4
Fire Magic     | 3 |  3.2
Axes           | |  0.3
Dodging        | |  1.7
Stealth        | |  1.4
Spellcasting   | |  2.9

Action                   || total
-------------------------++-------
Melee: War axe           ||    83
 Cast: Foxfire           ||    20
Armor: Robe              ||    43
Dodge: Dodged            ||    48

Table legend: (Time is in decaauts)
 A = Elapsed time spent in this place.
 B = Non-inter-level travel time spent in this place.
 C = Inter-level travel time spent in this place.
 D = Time resting spent in this place.
 E = Time spent auto-exploring this place.
 F = Levels seen in this place.
 G = Mean time per level.
                   A        B        C        D        E       F      G
               +--------+--------+--------+--------+--------+-----+--------+
         Total |   1857 |   1745 |    112 |     35 |   1354 |   2 |  928.5 |
       Dungeon |   1857 |   1745 |    112 |     35 |   1354 |   2 |  928.5 |
               +--------+--------+--------+--------+--------+-----+--------+

Top non-repeatable levels by time:
     D:1: 1767 daAuts
     D:2: 90 daAuts
